 Dungeon Crawl Stone Soup version 0.20.1-1-g8b1a95d (webtiles) character file.

135 tmwrnj the Skirmisher (level 5, -1/47 HPs)
             Began as a Hill Orc Fighter on Aug 2, 2017.
             Slain by Menkaure (18 damage)
             ... on level 4 of the Dungeon.
             The game lasted 00:06:27 (2860 turns).

tmwrnj the Skirmisher (Hill Orc Fighter)            Turns: 2860, Time: 00:06:28

Health: -1/47      AC: 10    Str: 20    XL:     5   Next: 18%
Magic:  5/5        EV:  7    Int:  8    God:
Gold:   162        SH:  9    Dex: 10    Spells: 4/4 levels left

rFire    . . .     SeeInvis .   a - +0 flail
rCold    . . .     Gourm    .   c - +0 shield
rNeg     . . .     Faith    .   b - +0 scale mail
rPois    .         Spirit   .   h - +1 hat {MR+}
rElec    .         Reflect  .   (no cloak)
rCorr    .         Harm     .   l - +0 pair of gloves
MR       +....                  n - +0 pair of boots
Stlth    ..........             (no amulet)
Regen    0.2/turn               (no ring)
MPRegen  0.1/turn               (no ring)

@: no status effects
A: no striking features
a: no special abilities


You were on level 4 of the Dungeon.
You were hungry.

You visited 1 branch of the dungeon, and saw 4 of its levels.

You collected 162 gold pieces.

Inventory:

Hand Weapons
 a - a +0 flail (weapon)
 B - a +0 mace
Armour
 b - a +0 scale mail (worn)
 c - a +0 shield (worn)
 h - a +1 hat of magic resistance (worn)
 l - a +0 pair of gloves (worn)
 n - a +0 pair of boots (worn)
 z - a +0 cloak
Jewellery
 g - an uncursed amulet of faith {unknown}
 o - an uncursed amulet of regeneration {unknown}
 x - a cursed ring of teleportation {unknown}
 y - an uncursed ring of protection from fire {unknown}
Wands
 A - a wand of paralysis (3/24)
Scrolls
 p - 3 scrolls of identify {unknown}
 r - 2 scrolls of teleportation {unknown}
 s - a scroll of recharging {unknown}
 u - a scroll of enchant weapon {unknown}
 v - a scroll of fear {unknown}
Potions
 d - 3 potions of might
 e - a potion of lignification {unknown}
 i - 3 potions of curing {unknown}
 m - a potion of flight {unknown}
 q - a potion of heal wounds {unknown}
 t - 2 potions of ambrosia {unknown}
 w - 2 potions of haste {unknown}
Comestibles
 f - 3 bread rations
 j - 2 royal jellies
 k - 3 meat rations


   Skills:
 + Level 4.3 Fighting
 + Level 3.6 Maces & Flails
 + Level 3.9 Armour
 + Level 0.5 Dodging
 + Level 0.3 Stealth
 + Level 4.2 Shields


You had 4 spell levels left.
You didn't know any spells.

Dungeon Overview and Level Annotations

Branches:
Dungeon (4/15)
 Temple: D:4-7

Altars:

Annotations:
D:4 Blork the orc, Menkaure


Message History

You see here an adder corpse.
You butcher the adder corpse.
A - a chunk of flesh Eat a chunk of flesh? (ye/n/q)
You eat the chunk of flesh.
This raw flesh tastes terrible.
A - a wand of paralysis (?/24)
w - 2 red potions (gained 1)
You are feeling hungry.
You open the door.
Menkaure, Prince of Dust comes into view.
Menkaure shouts!
Found a royal jelly.
There is an open door here.
Menkaure mumbles some strange words.
Menkaure seems to speed up.
Menkaure hits you!!
You sock Menkaure!
Menkaure is moderately damaged.
Menkaure hits you! Menkaure hits you!!
You die...

#.##.#
#.##.#
#.##.#
#.##.#
#.##.#
####'####
#.......#
#.⌠...⌠.#
#...@...#
+.%.M...+
#.......#
#.⌠...⌠.#
#.......#
####+####


You could see Menkaure.

Vanquished Creatures
  Crazy Yiuf (D:2)
  A worker ant zombie (D:3)
  2 adders
  A howler monkey skeleton (D:4)
  3 worms
  3 leopard geckos
  An orc (D:3)
  3 giant cockroaches
  5 goblins
  6 hobgoblins
  3 jackals (D:3)
  2 quokkas (D:3)
  A ball python (D:2)
  8 bats
  5 frilled lizards
  10 kobolds
  6 rats
61 creatures vanquished.

Notes
Turn   | Place    | Note
-------+----------+-------------------------------------------
     0 | D:1      | tmwrnj the Hill Orc Fighter began the quest for the Orb.
     0 | D:1      | Reached XP level 1. HP: 19/19 MP: 1/1
   136 | D:1      | Reached XP level 2. HP: 27/27 MP: 2/2
   534 | D:2      | Reached XP level 3. HP: 33/33 MP: 3/3
   633 | D:2      | Found a runed door.
  1479 | D:3      | Reached XP level 4. HP: 40/40 MP: 4/4
  2141 | D:4      | Noticed Blork the orc
  2242 | D:2      | Noticed Crazy Yiuf
  2252 | D:2      | Killed Crazy Yiuf
  2252 | D:2      | Reached XP level 5. HP: 19/47 MP: 5/5
  2855 | D:4      | Noticed Menkaure
  2860 | D:4      | Slain by Menkaure

Skill      XL: |  1  2  3  4 |
---------------+-------------+-----
Fighting       | 4 |  4.3
Maces & Flails | 3 |  3.6
Shields        | 4 |  4.2
Armour         | |  3.9
Dodging        | |  0.5
Stealth        | |  0.3

Action                   |  1- 3 |  4- 6 || total
-------------------------+-------+-------++-------
Melee: Flail             |   136 |    86 ||   222
  Eat: Chunk             |     1 |     5 ||     6
Armor: Scale mail        |    73 |    36 ||   109
Dodge: Dodged            |    41 |    20 ||    61
Block: Shield            |    63 |    41 ||   104
